 Dungeon Crawl Stone Soup version 0.29-a0-416-g83a48905f1 (webtiles) character file.

Game seed: 2205911635168254912

4 bande the Vandal (level 1, -2/17 HPs)
             Began as a Gnoll Wanderer on May 17, 2022.
             Frozen to death by an endoplasm (4 damage)
             ... on level 1 of the Dungeon.
             The game lasted 00:00:27 (110 turns).

bande the Vandal (Gnoll Wanderer)                    Turns: 110, Time: 00:00:29

Health: -2/17      AC:  3    Str: 16    XL:     1   Next: 60%
Magic:  1/1        EV: 10    Int:  7    God:
Gold:   0          SH:  6    Dex: 10    Spells: 0/0 levels left

rFire   . . .      SeeInvis .   e - +0 hand axe
rCold   . . .      Faith    .   b - +2 buckler
rNeg    . . .      Spirit   .   f - +0 leather armour
rPois   .          Reflect  .   (no helmet)
rElec   .          Harm     .   (no cloak)
rCorr   .          Rampage  .   (no gloves)
Will    .....                   (no boots)
Stlth   ++........              (no amulet)
HPRegen 0.05/turn               (no ring)
MPRegen 0.07/turn               (no ring)

@: no status effects
A: fangs 1, strong nose, distributed training, mutation resistance 1
a: no special abilities


You were on level 1 of the Dungeon.
You visited 1 branch of the dungeon, and saw 1 of its levels.

Inventory:

Hand Weapons
 a - a +0 hunting sling
 d - a +0 dagger
 e - a +0 hand axe (weapon)
Missiles
 c - 8 boomerangs (quivered)
Armour
 b - a +2 buckler (worn)
 f - a +0 leather armour (worn)


   Skills:
 + Level 2.4 Fighting
 + Level 0.1 Short Blades
 + Level 0.1 Long Blades
 + Level 0.1 Axes
 + Level 0.1 Maces & Flails
 + Level 0.1 Polearms
 + Level 0.1 Staves
 + Level 6.4 Slings
 + Level 0.1 Bows
 + Level 0.1 Crossbows
 + Level 2.4 Throwing
 + Level 2.4 Armour
 + Level 0.1 Dodging
 + Level 4.0 Stealth
 + Level 4.4 Shields
 + Level 0.1 Unarmed Combat
 + Level 0.1 Spellcasting
 + Level 0.1 Conjurations
 + Level 0.1 Hexes
 + Level 0.1 Summonings
 + Level 0.1 Necromancy
 + Level 0.1 Translocations
 + Level 0.1 Transmutations
 + Level 0.1 Fire Magic
 + Level 0.1 Ice Magic
 + Level 0.1 Air Magic
 + Level 0.1 Earth Magic
 + Level 0.1 Poison Magic
 + Level 0.2 Invocations
 + Level 0.1 Evocations


You couldn't memorise any spells.
You didn't know any spells.
Your spell library was empty.

Dungeon Overview and Level Annotations

Branches:
Dungeon (1/15)

Altars:


Innate Abilities, Weirdness & Mutations

You have very sharp teeth.
Your uncanny sense of smell can sniff out nearby items.
Your experience applies equally to all skills.
You are somewhat resistant to further mutation.


Message History

You shoot a sling bullet. The sling bullet barely misses the bat.
You block the bat's attack. The goblin hits you with a +0 club.
You shoot a sling bullet. The sling bullet hits the goblin!
You kill the goblin!
The bat barely misses you. The bat closely misses you.
You shoot a sling bullet.
The sling bullet closely misses the bat.
The bat hits you but does no damage. The endoplasm freezes you.
You are frozen.
You shoot a sling bullet.
The sling bullet closely misses the bat.
The bat barely misses you. The endoplasm hits you. The endoplasm freezes you.
You are frozen.
* * * LOW HITPOINT WARNING * * *
You are too injured to fight recklessly!
You are too injured to fight recklessly!
You are too injured to fight recklessly!
You are too injured to fight recklessly!
You are too injured to fight recklessly!
You are too injured to fight recklessly!
You are too injured to fight recklessly!
You are too injured to fight recklessly!
You are too injured to fight recklessly!
Unknown command.
e - a +0 hand axe (weapon)
The bat closely misses you.
Unknown command.
You miss the bat. You hit the endoplasm but do no damage. The bat hits you.
* * * LOW HITPOINT WARNING * * *
The bat barely misses you. You block the endoplasm's attack.
You hit the endoplasm.
The endoplasm is severely wounded.
You block the bat's attack.
The endoplasm jiggles.
The endoplasm barely misses you. The bat hits you but does no damage.
The endoplasm freezes you.
You are frozen.
You die...

##...#..##..
##†.#.#..###. ##
##..##..#.# ## ..
##..###.##.# # #.
###..## #..#.####
####.##...##
#......#.
.........##
#.####.#.
###..#b..##
#......#.
#....@##..##
#.##.####
#.##J####..###.##.#
# # #. ##..##....#
## .. ##..#.#..###.
##. ##...#..##.. #.
##..##.#... ..
##.......# #.
#..##..## #.##..##


You could see an endoplasm and a bat.

Vanquished Creatures
  A giant cockroach (D:1)
  A goblin (D:1)
  A ball python (D:1)
  A frilled lizard (D:1)
4 creatures vanquished.

Notes
Turn   | Place    | Note
-------+----------+-------------------------------------------
     0 | D:1      | bande the Gnoll Wanderer began the quest for the Orb.
     0 | D:1      | bande set off with the following items: a +0 hunting sling,
                  | a +2 buckler, 8 boomerangs, a +0 dagger, a potion of
                  | mutation, a +0 leather armour
     0 | D:1      | Reached XP level 1. HP: 17/17 MP: 1/1
     0 | D:1      | Gained mutation: You are somewhat resistant to further
                  | mutation. [potion of mutation]
   110 | D:1      | Frozen to death by an endoplasm

Illustrated notes

Levels and vault maps discovered:
D:1:      dpeg_chamrin_arrival_tetris, layout_loops_ring,
          hellmonk_ecumenical_altar_crossroads, minmay_tall_x

Action                   || total
-------------------------++-------
Melee: Hand axe          ||     2
 Fire: Hunting sling     ||    11
  Use: Potion            ||     1
Armor: Leather armour    ||     3
Dodge: Dodged            ||    10
Block: Buckler           ||     5

Table legend: (Time is in decaauts)
 A = Elapsed time spent in this place.
 B = Non-inter-level travel time spent in this place.
 C = Inter-level travel time spent in this place.
 D = Time resting spent in this place.
 E = Time spent auto-exploring this place.
 F = Levels seen in this place.
 G = Mean time per level.
                   A        B        C        D        E       F      G
               +--------+--------+--------+--------+--------+-----+--------+
         Total |    112 |    112 |      0 |      0 |     85 |   1 |  112.0 |
       Dungeon |    112 |    112 |      0 |      0 |     85 |   1 |  112.0 |
               +--------+--------+--------+--------+--------+-----+--------+

Top non-repeatable levels by time:
     D:1: 112 daAuts
